[Event "*** Titled Tuesday Blitz"]
[Site "Chess.com"]
[Date "2018.10.02"]
[Round "2"]
[White "Fins0905"]
[Black "Last7Samurai"]
[Result "1/2-1/2"]
[WhiteElo "2573"]
[BlackElo "2742"]
[TimeControl "180+2"]
[EndTime "13:23:32 PDT"]
[Termination "Game drawn - insufficient material"]

1. d4 f5 2. Nf3 Nf6 3. h3 d6 4. Nc3 g6 5. g4 fxg4 6. hxg4 Bxg4 7. Qd3 Nc6 8. Bg2 Qd7 9. a3 O-O-O 10. d5 Bxf3 11. Qxf3 Ne5 12. Qg3 Kb8 13. Bh3 Qe8 14. f4 Nc4 15. Qd3 Nb6 16. a4 Nbd7 17. Be3 Bg7 18. Qc4 Nc5 19. O-O g5 20. fxg5 Qh5 21. Kh2 Rhg8 22. gxf6 Bxf6 23. Rxf6 exf6 24. Rg1 a6 25.
Bxc5 dxc5 26. Rg4 Qe5+ 27. Kh1 h5 28. Rg2 Rg3 29. Qh4 Rdg8 30. Ne4 Rxg2 31. Bxg2 Qxd5 32.
Qf4 f5 33. Ng5 Qd1+ 34. Kh2 Qxe2 35. Qf3 Qe5+ 36. Kh1 c6 37. Nh3 Ka7 38. Qf2 h4 39. Nf4 Qd4 40. Nd3 h3 41. Bxh3 Qxf2 42. Nxf2 Kb6 43.
Kh2 Ka5 44. b3 b5 45. axb5 axb5 46. Nd3 c4 47. bxc4 bxc4 48. Ne5 Kb4 49. Nxc6+ Kc3 50. Bxf5 Rh8+ 51. Kg3 Rg8+ 52. Kf4 Rf8 53. Ne5 Rxf5+ 54. Kxf5 Kxc2 55. Nxc4 1/2-1/2

[Event "*** Titled Tuesday Blitz"]
[Site "Chess.com"]
[Date "2018.10.02"]
[Round "2"]
[White "Turkey-Champion"]
[Black "MikeSailer"]
[Result "1-0"]
[WhiteElo "2272"]
[BlackElo "2055"]
[TimeControl "180+2"]
[EndTime "13:23:33 PDT"]
[Termination "Turkey-Champion won on time"]

1. e4 d5 2. exd5 Qxd5 3. Nc3 Qd8 4. d4 Nf6 5. Bc4 a6 6. Nf3 e6 7. Be3 Be7 8. Qe2 b5 9. Bd3 Bb7 10. h4 Nbd7 11. h5 h6 12. O-O-O Nb6 13. Ne5 Nbd5 14. Nxd5 Nxd5 15. Qg4 Bg5 16. Rhe1 Bxe3+ 17. fxe3 Qg5 18. Qxg5 hxg5 19. g4 Nb4 20. a3 Nxd3+ 21. Rxd3 Be4 22. Rc3 f6 23. Nd3 Bxd3 24. Rxd3 O-O-O 25. Kd2 Kb7 26. Kc3 Rd6 27. b3 a5 28. a4 bxa4 29. bxa4 Rb6 30. e4 Rb4 31. e5 f5 32. gxf5 exf5 33. e6 Kc6 34. Re5 Kd6 35. Rde3 Ke7 36. Rxf5 Rxa4 37.
Rf7+ Ke8 38. Rxc7 Rxh5 39. e7 Ra3+ 40. Kd2 Rxe3 41. Kxe3 Rh1 42. Kd2 Rh2+ 43. Kd3 Rh3+ 44. Kc4 Rh2 45. Kd5 a4 46. Kd6 Rh6+ 47. Ke5 Ra6 48.
d5 a3 49. d6 a2 50. Rc8+ 1-0

[Event "*** Titled Tuesday Blitz"]
[Site "Chess.com"]
[Date "2018.10.02"]
[Round "2"]
[White "Korchmar_Vasiliy"]
[Black "JonahWillow"]
[Result "1-0"]
[WhiteElo "2677"]
[BlackElo "2702"]
[TimeControl "180+2"]
[EndTime "13:23:39 PDT"]
[Termination "Korchmar_Vasiliy won by resignation"]

1. d4 Nf6 2. c4 e6 3. Nc3 c5 4. d5 exd5 5. cxd5 d6 6. g3 g6 7. Nf3 Bg7 8. Bg2 O-O 9. O-O a6 10.
a4 Nbd7 11. Bf4 Qc7 12. Rc1 Nh5 13. Bg5 Re8 14. Re1 Rb8 15. e4 b5 16. axb5 axb5 17. b4 h6 18. Be3 Nhf6 19. h3 Ba6 20. bxc5 Nxc5 21. Nd4 b4 22. Na4 Nfd7 23. Nc6 b3 24.
Nxc5 Nxc5 25. Nxb8 Rxb8 26. Bxc5 b2 27. Rb1 Qxc5 28.
Bf1 Bxf1 29. Rxf1 Rc8 30. h4 Qb4 31. Re1 Rc4 32. h5 Rxe4 33. hxg6 fxg6 34. Re2 Rxe2 35. Qxe2 Qc5 36. Qe4 Kh7 37. Kg2 Be5 38. f4 Bg7 39.
f5 gxf5 40. Qxf5+ Kh8 41. Re1 Qb5 42. Kh3 Qb8 43. Qg6 Qc8+ 44. Kh2 b1=Q 45. Rxb1 Qf8 46. Kg2 Qa8 47. Qe4 Qa2+ 48. Kh3 Qa8 49. Rc1 h5 50. Qf5 1-0

[Event "*** Titled Tuesday Blitz"]
[Site "Chess.com"]
[Date "2018.10.02"]
[Round "2"]
[White "GrigorGrigorov"]
[Black "kasparik_garik"]
[Result "1-0"]
[WhiteElo "2720"]
[BlackElo "2555"]
[TimeControl "180+2"]
[EndTime "13:23:44 PDT"]
[Termination "GrigorGrigorov won by resignation"]

1. e4 g6 2. d4 Bg7 3. Nf3 d6 4. Be2 Nf6 5. Nc3 O-O 6. O-O Bg4 7. h3 Bxf3 8. Bxf3 Nc6 9. Ne2 e5 10. c3 exd4 11. cxd4 Re8 12. Nc3 Nd7 13. Be3 Nb6 14. b3 a5 15. Rc1 a4 16. Nxa4 Nxa4 17. bxa4 Qh4 18. d5 Ne5 19. Rxc7 Nxf3+ 20. Qxf3 Re7 21.
Rfc1 h5 22. g3 Qxe4 23. Qxe4 Rxe4 24. Rxb7 Rexa4 25. Rcc7 Rf8 26. Ra7 Ra8 27. Rxa8+ Rxa8 28. Ra7 Rb8 29. a4 Rb1+ 30. Kg2 Rd1 31. a5 Bd4 32. Ra8+ Kg7 33. Bxd4+ Rxd4 34. a6 Rxd5 35. Rd8 Ra5 36. Rxd6 g5 37. Kf3 f6 38. Rd7+ Kg6 39. a7 Ra3+ 40. Ke4 Ra4+ 41. Kd5 Kf5 42. Kc6 Ke4 43.
Kb7 Kf3 44. a8=Q Rxa8 45. Kxa8 Kxf2 46. g4 hxg4 47. hxg4 Ke3 48. Kb7 Ke4 49. Kc6 f5 50. gxf5 Kxf5 51. Kd5 Kf4 52. Kd4 g4 53. Rf7+ Kg3 54.
Ke3 Kg2 55. Kf4 g3 56. Rg7 1-0

[Event "*** Titled Tuesday Blitz"]
[Site "Chess.com"]
[Date "2018.10.02"]
[Round "2"]
[White "chenrip"]
[Black "ddtru"]
[Result "1-0"]
[WhiteElo "2412"]
[BlackElo "2258"]
[TimeControl "180+2"]
[EndTime "13:23:44 PDT"]
[Termination "chenrip won by checkmate"]

1. e4 c5 2. Nf3 e6 3. g3 Nc6 4. Bg2 g6 5. O-O Bg7 6. Nc3 Nge7 7. Re1 d6 8. d3 O-O 9. Be3 Nd4 10. Rb1 Bd7 11. Ne2 Nec6 12. c3 Nxe2+ 13. Qxe2 e5 14. Qd2 f5 15. Bh6 Qf6 16. Bxg7 Qxg7 17. Rbd1 Rae8 18. a3 Kh8 19. b4 b6 20. b5 Nd8 21. a4 Ne6 22. d4 fxe4 23. Rxe4 exd4 24.
cxd4 d5 25. Re5 Nxd4 26. Rxe8 Rxe8 27. Nxd4 cxd4 28. Bxd5 Bg4 29. f3 Qe5 30. Qxd4 Qxd4+ 31. Rxd4 Bh3 32. Kf2 Rd8 33. Ke3 Kg7 34. Bc6 Rf8 35. a5 bxa5 36. Ra4 Rf7 37. Rxa5 Re7+ 38. Kd4 Bf1 39. Kc5 Be2 40. Bd5 Kf8 41. Kd6 Bd1 42.
f4 Be2 43. Bc6 Bd3 44. Bd7 Bf5 45. Rxa7 Bd3 46. Ra3 Bf1 47. b6 Bg2 48. Rc3 Re1 49.
Rc8+ Kg7 50. Rc7 Kf6 51. Bc6 Rd1+ 52. Kc5 Rc1+ 53. Kb5 Bf1+ 54. Kb4 Rb1+ 55. Kc5 Rc1+ 56. Kd6 Rd1+ 57. Bd5 Bg2 58. Rf7# 1-0

[Event "*** Titled Tuesday Blitz"]
[Site "Chess.com"]
[Date "2018.10.02"]
[Round "2"]
[White "sergeikim"]
[Black "Slovak_fighter2000"]
[Result "0-1"]
[WhiteElo "2442"]
[BlackElo "2384"]
[TimeControl "180+2"]
[EndTime "13:23:55 PDT"]
[Termination "Slovak_fighter2000 won by resignation"]

1. d4 Nf6 2. c4 e6 3. Nc3 d5 4. Nf3 c5 5. e3 Nc6 6. a3 a6 7. dxc5 Bxc5 8. b4 Ba7 9. Bb2 O-O 10. Rc1 d4 11. exd4 Nxd4 12. c5 Nf5 13. Bd3 Bd7 14. O-O Qc7 15. Ne4 Nxe4 16. Bxe4 Rad8 17. Qc2 Bb8 18.
Qc3 f6 19. Rfd1 Bc6 20. Qc4 Kh8 21. Qxe6 Rde8 22. Qxf5 Bxe4 23. Qh3 Bxf3 24. gxf3 Qf4 25. Re1 Be5 26. Bc3 Bxc3 27. Red1 Be5 28. Re1 Bd4 29. Rcd1 Rxe1+ 30. Rxe1 Qd2 31. Rf1 Qg5+ 32. Kh1 Qf4 33. Kg2 f5 34. Qh5 g6 35. Qh3 Qg5+ 36. Qg3 Qxg3+ 37.
hxg3 Bf6 38. Rd1 Kg7 39. Rd7+ Rf7 40. Rd6 Rc7 41. f4 Kf7 42. Kf3 Ke7 43. Rb6 Bb2 44. a4 Ba3 45. Ke2 a5 46. bxa5 Bxc5 47. Rb5 Kd6 48.
f3 Kc6 49. g4 Re7+ 50. Kf1 Re3 51. Kg2 Ra3 52. Kg3 Rxa4 53. Rb1 Rxa5 54. Kh4 Ra4 55. Kg5 fxg4 56. fxg4 Be3 57. Kh6 Bxf4+ 58. Kxh7 g5 59.
Kg6 b5 0-1

[Event "*** Titled Tuesday Blitz"]
[Site "Chess.com"]
[Date "2018.10.02"]
[Round "2"]
[White "SantoBlue"]
[Black "Tarlev_Konstantin"]
[Result "1-0"]
[WhiteElo "2821"]
[BlackElo "2605"]
[TimeControl "180+2"]
[EndTime "13:23:57 PDT"]
[Termination "SantoBlue won on time"]

1. e4 c5 2. Nf3 e6 3. d4 cxd4 4. Nxd4 Nc6 5. Nc3 Qc7 6. Be3 Nf6 7. Bd3 a6 8. O-O Be7 9. Kh1 O-O 10. f4 d6 11. Qe2 Bd7 12. Rae1 b5 13. a3 Rab8 14. Nxc6 Bxc6 15. Bd2 Qb7 16. e5 Nd7 17. exd6 Bxd6 18.
Ne4 Be7 19. Bc3 f5 20. Ng5 Bxg5 21. fxg5 Nc5 22. Rf2 Ne4 23. Bxe4 Bxe4 24. Qe3 Rbd8 25. h3 Rd7 26. Be5 Rfd8 27. Qf4 a5 28. Kh2 b4 29. axb4 axb4 30. Re3 Qc6 31. c3 b3 32. Re1 Ra8 33. Re3 Rad8 34. g6 hxg6 35. Rg3 Rf7 36. Rxg6 Rdd7 37. Rf1 Ra7 38. Rd1 Rad7 39. Ra1 Ra7 40. Qh6 Qd7 41. Rxa7 Qxa7 42. Qg5 Qd7 43. h4 f4 44. h5 Bxg6 45. hxg6 Rf5 46. Qh4 Kf8 47. Qh8+ Ke7 48. Qxg7+ Kd8 49. Bf6+ Kc8 50. Qxd7+ Kxd7 51. g7 Rxf6 52. g8=Q 1-0

[Event "*** Titled Tuesday Blitz"]
[Site "Chess.com"]
[Date "2018.10.02"]
[Round "2"]
[White "Paparama_1917"]
[Black "ftorodent"]
[Result "1-0"]
[WhiteElo "2516"]
[BlackElo "2503"]
[TimeControl "180+2"]
[EndTime "13:23:59 PDT"]
[Termination "Paparama_1917 won on time"]

1. e4 e6 2. d4 d5 3. Bd3 Nf6 4. e5 Nfd7 5. f4 b6 6. f5 Qh4+ 7. g3 Qxd4 8. Nf3 Qc5 9. fxe6 fxe6 10. Qe2 Nc6 11. Be3 d4 12. Bf4 Bb7 13. Nbd2 Ncxe5 14. Nxe5 Nxe5 15. O-O Nxd3 16. cxd3 Qd5 17. Ne4 c5 18. Bg5 Be7 19. Bxe7 Kxe7 20. Qg4 Rag8 21. Rae1 g5 22. Rf6 h5 23. Qf3 Rg7 24. Rf1 Kd7 25. Rf7+ Rxf7 26.
Qxf7+ Kc8 27. Qg7 Rd8 28. Rf7 c4 29. Rc7+ Kb8 30. Rxc4 Rc8 31. Rxc8+ Bxc8 32. Qxg5 Qxg5 33. Nxg5 Kc7 34. Nf3 Kd6 35. Nxd4 Ba6 36. Kf2 Bxd3 37. Ke3 Bb1 38. Nb5+ Kc5 39. Nxa7 Bxa2 40. Nc8 Kb4 41.
Nxb6 Kb3 42. Kd4 Kxb2 43. Ke5 Kc3 44. Nd7 Kd3 45. Nc5+ Ke3 46. Nxe6 Bxe6 47. Kxe6 Kf3 48. Kf5 Kg2 49. h4 Kxg3 50. Kg5 Kf3 51. Kxh5 1-0

[Event "*** Titled Tuesday Blitz"]
[Site "Chess.com"]
[Date "2018.10.02"]
[Round "2"]
[White "Kirill_Klukin"]
[Black "pKiLz5Rn9b"]
[Result "1/2-1/2"]
[WhiteElo "2606"]
[BlackElo "2801"]
[TimeControl "180+2"]
[EndTime "13:24:02 PDT"]
[Termination "Game drawn by repetition"]

1. Nf3 Nf6 2. c4 e6 3. Nc3 d5 4. d4 dxc4 5. e3 a6 6. Bxc4 b5 7. Bb3 Bb7 8. O-O c5 9. dxc5 Qxd1 10. Rxd1 Bxc5 11. a3 Nbd7 12. Bc2 Ke7 13. b4 Bd6 14. Bb2 Rac8 15. Rac1 Nb6 16. Nd2 Rhd8 17. Nce4 Rxc2 18. Bxf6+ gxf6 19. Rxc2 Bxe4 20. Nxe4 Bxh2+ 21. Kxh2 Rxd1 22. Rc6 Nc4 23. Rxa6 f5 24. Nc3 Rd2 25. Kg3 f4+ 26.
Kxf4 Rxf2+ 27. Kg3 Rc2 28. Nxb5 Nxe3 29. Ra7+ Kf6 30. Nd6 Nxg2 31. Rxf7+ Ke5 32. Nb5 Ne3 33. Rxh7 Nf5+ 34. Kf3 Rb2 35. Rc7 Rb3+ 36. Ke2 Kf4 37. Rc4+ Ke5 38. Rc5+ Kf4 39. Kd2 e5 40. Rc4+ e4 41. Nc3 Ng3 42. Kc2 Rxa3 43. Kb2 Ra8 44. b5 Kf3 45. Rc7 Rb8 46. Rf7+ Ke3 47. Kb3 Kd4 48.
Kb4 e3 49. Rd7+ Ke5 50. Re7+ Kd4 51. Rd7+ Ke5 52. Re7+ Kd4 53. Rd7+ Ke5 54. Re7+ 1/2-1/2

[Event "*** Titled Tuesday Blitz"]
[Site "Chess.com"]
[Date "2018.10.02"]
[Round "2"]
[White "andrzej"]
[Black "Blagorod"]
[Result "1/2-1/2"]
[WhiteElo "2194"]
[BlackElo "2033"]
[TimeControl "180+2"]
[EndTime "13:24:03 PDT"]
[Termination "Game drawn - insufficient material"]

1. d4 d5 2. c4 Nc6 3. Nc3 dxc4 4. Nf3 e6 5. e4 Nf6 6. Bxc4 Bb4 7. Bg5 h6 8. Bxf6 Qxf6 9. O-O O-O 10. e5 Qd8 11.
Ne4 Ne7 12. Qb3 Ba5 13. Rfd1 c6 14. Rac1 Bb6 15. Nd6 Nd5 16. Bd3 Rb8 17. Bb1 Bc7 18.
Qd3 g6 19. Ne4 Kg7 20. Qd2 f6 21. exf6+ Nxf6 22. Qd3 Nxe4 23. Qxe4 Qf6 24. h3 Bd7 25. Ne5 Qxf2+ 26. Kh1 Be8 27. Nxg6 Rf5 28. Ne5 Qg3 29. Qg4+ Qxg4 30. hxg4 Rg5 31. Re1 Bxe5 32. Rxe5 Rxe5 33. dxe5 Rd8 34. Be4 Bg6 35. Bf3 Rd2 36. b4 Rxa2 37. Rc4 Rb2 38. Rd4 Be8 39. Rd8 Kf8 40. Rd4 Ke7 41.
Kh2 b6 42. Kg3 a5 43. bxa5 bxa5 44. Ra4 Rb5 45. Rc4 Rxe5 46. Bxc6 Bxc6 47. Rxc6 Kf6 48. Ra6 Kg5 49. Kf3 Rc5 50. Rxe6 Rc3+ 51. Kf2 Kxg4 52. Rxh6 Rc2+ 53. Kf1 Rc5 54. Ra6 Kg3 55. Ke2 Kxg2 56. Kd3 Kg3 57. Kd4 Rh5 58. Kc4 Kf3 59.
Kb3 Ke3 60. Ka4 Kd4 61. Rxa5 Rxa5+ 62. Kxa5 1/2-1/2

[Event "*** Titled Tuesday Blitz"]
[Site "Chess.com"]
[Date "2018.10.02"]
[Round "2"]
[White "Phelathegreat"]
[Black "Iball95"]
[Result "0-1"]
[WhiteElo "2325"]
[BlackElo "2585"]
[TimeControl "180+2"]
[EndTime "13:24:05 PDT"]
[Termination "Iball95 won by resignation"]

1. d4 Nf6 2. c4 e6 3. Nf3 a6 4. Nc3 c5 5. d5 b5 6. cxb5 axb5 7. dxe6 fxe6 8. Nxb5 d5 9. e3 Nc6 10. Be2 Be7 11. O-O O-O 12. b3 e5 13. Bb2 e4 14.
Nd2 Be6 15. Re1 Qb8 16. a4 Ne5 17. Nf1 Nfg4 18. Bxg4 Nxg4 19. Re2 Bh4 20. Ng3 Nxh2 21. Kxh2 Rxf2 22. Rxf2 Qxg3+ 23. Kh1 Qxf2 24. Be5 Rf8 25.
Qh5 g6 26. Qh6 Bf6 27. Qh2 Qxe3 28. Rf1 Bf5 29. Bxf6 Rxf6 30. Qe5 Qh6+ 31. Kg1 Qe3+ 32. Kh1 Qd3 33. Kg1 Rf8 34. Nd6 e3 35. Re1 d4 36.
Qxc5 e2 37. Qd5+ Kg7 38. Qe5+ Kh6 39. Qf4+ g5 40. Qh2+ Kg6 41. Qe5 Bg4 42. Qe4+ Qxe4 43. Nxe4 d3 44. Nd2 Rc8 45. Kf2 h5 46. Ke3 Bf5 47.
b4 Re8+ 48. Kd4 Rb8 49. b5 Ra8 50. Ra1 Rxa4+ 51. Rxa4 e1=Q 52. Ra2 Qf2+ 53. Kd5 Qxg2+ 54. Kd6 Qg3+ 55. Kc6 h4 56. b6 h3 57. b7 h2 58.
Nf1 h1=Q+ 59. Kb6 Qxf1 0-1

[Event "*** Titled Tuesday Blitz"]
[Site "Chess.com"]
[Date "2018.10.02"]
[Round "2"]
[White "petrpalachev"]
[Black "Zq1"]
[Result "1/2-1/2"]
[WhiteElo "2754"]
[BlackElo "2581"]
[TimeControl "180+2"]
[EndTime "13:24:10 PDT"]
[Termination "Game drawn by repetition"]

1. d4 Nf6 2. c4 a6 3. Nc3 c5 4. d5 b5 5. cxb5 axb5 6. Nxb5 Qa5+ 7. Nc3 Bb7 8. Nf3 Bxd5 9. Bd2 Bc6 10.
Nd5 Qd8 11. Nxf6+ gxf6 12. e3 Bg7 13. Qc2 d6 14. Bd3 h5 15. e4 Nd7 16. O-O h4 17. h3 Ne5 18. Nxe5 fxe5 19. b4 Kf8 20. bxc5 dxc5 21. Be3 Rc8 22. a4 Ba8 23. Bc4 Bh6 24.
Rfd1 Qb6 25. Rab1 Qg6 26. Bxh6+ Rxh6 27. f3 Qg5 28. Qd2 Qf6 29. a5 Rg6 30. Rb6 Bc6 31. Bb5 Qxf3 32. Rxc6 Rcxc6 33. Bxc6 Rxg2+ 34. Qxg2 Qxd1+ 35. Qf1 Qd4+ 36. Kh1 c4 37. Bd5 e6 38. Bxc4 Qxe4+ 39. Kg1 Qd4+ 40. Kh2 Qd2+ 41. Kh1 Qxa5 42. Bxe6 Qc7 43.
Bd5 Qd7 44. Qf3 f5 45. Kg2 Ke7 46. Qa3+ Qd6 47. Qa7+ Qd7 48. Qc5+ Qd6 49. Qa7+ Kf6 50. Qf7+ Kg5 51. Qg7+ Kf4 52. Qb7 Qg6+ 53. Kf1 Qg3 54. Qb4+ Kg5 55. Qe7+ Kf4 56. Qb4+ Kg5 57. Qe7+ Kf4 58.
Qb4+ 1/2-1/2

[Event "*** Titled Tuesday Blitz"]
[Site "Chess.com"]
[Date "2018.10.02"]
[Round "2"]
[White "ENEASZ"]
[Black "Jospem"]
[Result "0-1"]
[WhiteElo "2559"]
[BlackElo "2741"]
[TimeControl "180+2"]
[EndTime "13:24:11 PDT"]
[Termination "Jospem won by resignation"]

1. e4 c5 2. c3 d5 3. exd5 Qxd5 4. d4 Nf6 5. Nf3 e6 6. Na3 a6 7. Nc2 Nc6 8. Be2 Be7 9. O-O O-O 10. Bf4 cxd4 11.
Ncxd4 Bd7 12. Re1 Rfd8 13. h3 Be8 14. Nxc6 Bxc6 15. Qxd5 Bxd5 16. c4 Be4 17. Red1 Rdc8 18. b3 h6 19. Ne5 Bb4 20. Bf3 Bxf3 21. Nxf3 b5 22. cxb5 axb5 23. Nd4 Nd5 24. Bd2 Bc3 25. Bxc3 Nxc3 26. Rd2 Rd8 27. Kf1 e5 28. Nf3 Rxd2 29. Nxd2 Rxa2 30. Rxa2 Nxa2 31. Ke2 Kf8 32. Nf3 f6 33. Kd3 Ke7 34. g4 g6 35. h4 Nb4+ 36.
Ke4 Ke6 37. g5 hxg5 38. hxg5 f5+ 39. Ke3 Nd5+ 40. Kd2 Kd6 41. Nh4 Nf4 42. Kc3 Kc5 43.
b4+ Kd5 44. Nf3 Nh3 45. Nh4 Nxf2 46. Nxg6 Ne4+ 47. Kd3 Nxg5 48. Ne7+ Ke6 49. Nc6 Ne4 50. Nd8+ Kd5 51. Nf7 Nd6 52. Ng5 f4 53. Nh3 e4+ 54. Kc3 Ke5 55. Nf2 Kf5 56. Kd4 f3 57. Nd1 Kf4 58. Kd5 e3 59. Kxd6 f2 60. Nxe3 Kxe3 61. Kc5 f1=Q 0-1

[Event "*** Titled Tuesday Blitz"]
[Site "Chess.com"]
[Date "2018.10.02"]
[Round "2"]
[White "bascheyaro"]
[Black "ChristopherYoo"]
[Result "1-0"]
[WhiteElo "2693"]
[BlackElo "2337"]
[TimeControl "180+2"]
[EndTime "13:24:19 PDT"]
[Termination "bascheyaro won on time"]

1. d4 Nf6 2. Nf3 g6 3. c4 Bg7 4.
Nc3 Kf8 5. e4 d6 6. Bd3 e5 7.
dxe5 dxe5 8. Nxe5 Nxe4 9. Nxg6+ hxg6 10. Nxe4 Bf5 11. Be3 Nc6 12. Qb3 Kg8 13. O-O-O Nd4 14. Bxd4 Bxd4 15. Kb1 a5 16. Bc2 b6 17. Qd3 c5 18.
Qf3 Ra7 19. g4 Bxe4 20. Bxe4 Qg5 21. Bd5 Qf6 22. Qxf6 Bxf6 23. f4 Rh4 24. Bf3 Bd4 25.
Rde1 Kf8 26. h3 Re7 27. Bg2 Re3 28. Rxe3 Bxe3 29. Rf1 f5 30. Rf3 Bg1 31. gxf5 gxf5 32. Rb3 Rxf4 33. Rxb6 Bd4 34. a3 Rf2 35. Bd5 a4 36.
Bc6 f4 37. Rb8+ Ke7 38. Bxa4 f3 39. Ka2 Rxb2+ 40. Rxb2 Bxb2 41. Bd1 f2 42. Be2 Bc3 43. Kb3 Be1 44. Ka4 Kd6 45. Kb5 Bd2 46. a4 Be3 47. a5 Kc7 48. h4 Kb7 49. h5 Ka7 50. a6 Bf4 51. Bf1 Be3 52. Bg2 Bf4 53. Bh3 Be3 54.
Bf1 Bf4 55. Kxc5 Kxa6 56. Kd5 Kb6 57. Ke4 Bh6 58. Kf5 Kc5 59. Kg6 Bc1 60. h6 Bb2 61. h7 Bh8 62. Kf7 1-0

[Event "*** Titled Tuesday Blitz"]
[Site "Chess.com"]
[Date "2018.10.02"]
[Round "2"]
[White "DishonorOnYourCow"]
[Black "Siemba"]
[Result "1-0"]
[WhiteElo "2247"]
[BlackElo "2041"]
[TimeControl "180+2"]
[EndTime "13:24:23 PDT"]
[Termination "DishonorOnYourCow won by checkmate"]

1. d4 Nf6 2. c4 g6 3. Nc3 Bg7 4. e4 d6 5. f4 c5 6. d5 O-O 7. Nf3 e6 8. dxe6 Bxe6 9. Bd3 Nc6 10. O-O Re8 11. f5 Bd7 12. Bf4 Ne5 13. Nxe5 dxe5 14.
Bg5 gxf5 15. exf5 h6 16. Bh4 Bc6 17. Qc2 e4 18. Be2 e3 19. Rad1 Qa5 20. Rd6 Rad8 21. Rxf6 Bxf6 22. Bxf6 Rd2 23. Qc1 Qc7 24. Qe1 Kh7 25. Nd5 Bxd5 26. cxd5 Rg8 27. Bf3 Qf4 28.
Qh4 Qxh4 29. Bxh4 Rxb2 30. d6 Rd2 31. Bg3 f6 32. Re1 Re8 33. Bf4 Rd4 34. Bxe3 Rxd6 35. Kf2 Ra6 36. Re2 c4 37. Bxb7 Ra3 38. Bc6 c3 39.
Bxe8 Ra5 40. Rc2 Rxf5+ 41. Ke2 Re5 42. Kd3 Rxe8 43. Rxc3 Re7 44. Rc5 Rd7+ 45. Kc4 Rg7 46. Ra5 Rxg2 47. Rxa7+ Kg6 48. a4 Rxh2 49. a5 h5 50. a6 h4 51. Ra8 h3 52. Rg8+ Kf7 53. a7 Rc2+ 54. Kd3 Rc6 55. a8=Q Rd6+ 56. Ke2 h2 57. Qe8# 1-0

[Event "*** Titled Tuesday Blitz"]
[Site "Chess.com"]
[Date "2018.10.02"]
[Round "2"]
[White "GHANDEEVAM2003"]
[Black "maciek_92"]
[Result "1/2-1/2"]
[WhiteElo "2896"]
[BlackElo "2623"]
[TimeControl "180+2"]
[EndTime "13:24:28 PDT"]
[Termination "Game drawn by agreement"]

1. Nf3 Nf6 2. c4 e6 3. g3 b6 4. Bg2 Bb7 5. O-O Be7 6. Nc3 O-O 7. d4 Ne4 8. Qc2 d5 9. Ne5 Nxc3 10. Qxc3 Nd7 11.
cxd5 Nxe5 12. d6 Bxg2 13. dxe7 Qxe7 14. Kxg2 Ng6 15. e4 Rac8 16. Be3 f5 17. f3 h5 18. Rae1 fxe4 19. fxe4 h4 20. Qc2 Qd7 21. Qe2 hxg3 22. hxg3 Rxf1 23. Rxf1 Rf8 24. Rh1 Qc6 25. Qg4 Qc2+ 26.
Kh3 Rf6 27. Bg5 Rf7 28. Qxe6 Nf8 29. Qg4 Qxb2 30. d5 Qxa2 31. Bf4 Qc4 32. Re1 a5 33. Qd1 Ng6 34. Bg5 Qa2 35. Qg4 Rf2 36. Qe6+ Kh7 37. Rh1 Qe2 38. Qg4 Qxg4+ 39. Kxg4+ Kg8 40. Rc1 Ne5+ 41. Kh3 Rf7 42. Bd8 Nd3 43. Rxc7 Nf2+ 44. Kg2 Nxe4 45.
Rc6 Rd7 46. Bxb6 Rxd5 47. Rc8+ Kf7 48. Ra8 Rd3 49. Ra7+ Kg8 50. Bc7 Rd7 51. Ra8+ Kh7 52. Bxa5 Rd3 53. Bc7 Rc3 54. Be5 Rc5 55. Bf4 g5 56. Be3 Rc3 57. Kf3 Nf6 58. Ke2 Ne4 59. Ra4 Nxg3+ 60. Kd2 Rc6 61. Bxg5 Nf5 62. Rg4 1/2-1/2

[Event "*** Titled Tuesday Blitz"]
[Site "Chess.com"]
[Date "2018.10.02"]
[Round "2"]
[White "Thjop"]
[Black "DanielNaroditsky"]
[Result "1-0"]
[WhiteElo "2628"]
[BlackElo "2964"]
[TimeControl "180+2"]
[EndTime "13:24:31 PDT"]
[Termination "Thjop won by resignation"]

1. e4 e5 2. Nf3 Nc6 3. Nc3 Nf6 4.
Bb5 Nd4 5. Ba4 Bc5 6. O-O O-O 7.
d3 d6 8. h3 c6 9. Nxd4 Bxd4 10.
Ne2 Bb6 11. Ng3 d5 12. Qf3 Be6 13. Bb3 Ne8 14. Nf5 Qf6 15. Bd2 Bxf5 16. Qxf5 Qxf5 17. exf5 Nd6 18. g4 Rfe8 19. Kg2 e4 20. Bf4 Nb5 21.
dxe4 Rxe4 22. Bg3 Nd4 23. Rae1 Rae8 24. f3 Re2+ 25. Rxe2 Rxe2+ 26. Rf2 Re8 27. Rd2 Nxb3 28. axb3 f6 29. Bf2 Bxf2 30. Kxf2 Kf7 31. Rd1 Ke7 32. Ra1 a6 33. b4 Kd6 34. h4 Re5 35. c3 Kc7 36. Rd1 Kb6 37. Rd2 a5 38. bxa5+ Kxa5 39. Kg3 Kb5 40. Kf4 Kc5 41. g5 Kd6 42. Rg2 Re7 43. gxf6 gxf6 44. Rg8 Rf7 45. h5 c5 46. h6 b6 47. Rb8 Kc6 48. Rg8 Kd6 49. Rb8 Kc6 50.
Rg8 b5 51. Rg7 Rd7 52. Ke3 Kd6 53. f4 Re7+ 54. Kd3 c4+ 55. Kd2 Re4 56. Rxh7 Rxf4 57. Rh8 Rf2+ 58. Ke3 Rxf5 59. h7 Re5+ 60. Kf4 Re4+ 61.
Kf3 Rh4 62. Rd8+ Ke5 63. h8=Q Rxh8 64. Rxh8 Kd6 65. Ke3 Kc5 66. Rc8+ Kd6 67. Kd4 1-0

[Event "*** Titled Tuesday Blitz"]
[Site "Chess.com"]
[Date "2018.10.02"]
[Round "2"]
[White "EmreDedebas"]
[Black "StoreySniper"]
[Result "1-0"]
[WhiteElo "2402"]
[BlackElo "2420"]
[TimeControl "180+2"]
[EndTime "13:24:35 PDT"]
[Termination "EmreDedebas won by resignation"]

1. d4 g6 2. Nf3 Bg7 3. c4 c5 4. d5 e5 5. Nc3 d6 6. e4 Nd7 7.
Bd3 Ngf6 8. h3 Nh5 9. Be3 Nf4 10.
Bf1 Qb6 11. Qc2 h6 12. g3 Nh5 13. Be2 g5 14. Nd2 Nf4 15. Bf1 Nf6 16. a3 Bd7 17.
b4 Qc7 18. bxc5 dxc5 19. Nb3 b6 20. gxf4 exf4 21. Bc1 O-O 22. Bb2 Nxe4 23. Nxe4 Bxb2 24. Qxb2 Rae8 25. f3 f5 26. Bd3 fxe4 27. Bxe4 Bf5 28. Nd2 Qh7 29. O-O-O b5 30. cxb5 c4 31. Qc3 a6 32. d6 axb5 33. Bd5+ Be6 34. Bxe6+ Rxe6 35. Ne4 b4 36. axb4 Qa7 37. d7 Rd8 38. Rhe1 Ra6 39. Kb1 Ra3 40. Qxc4+ Kh7 41. Qf7+ Kh8 42. Qf6+ Kh7 43.
Qf7+ Kh8 44. Nf6 Ra1+ 45. Kc2 Qa4+ 46. Qb3 Ra2+ 47. Kc3 Qc6+ 48. Kd3 Rxd7+ 49. Nxd7 Qxd7+ 50. Ke4 Qe8+ 51. Kf5 Qc8+ 52. Qe6 Qc2+ 53. Qe4 Qc8+ 54. Qe6 Qc2+ 55. Re4 Ra8 56. Qxh6+ Kg8 57. Rd6 Rf8+ 58.
Rf6 Qc8+ 59. Kxg5 Qf5+ 60. Kxf5 Rxf6+ 61. Qxf6 Kh7 62. Re7+ 1-0

[Event "*** Titled Tuesday Blitz"]
[Site "Chess.com"]
[Date "2018.10.02"]
[Round "2"]
[White "Antifish7"]
[Black "ChessicallyInclined"]
[Result "1/2-1/2"]
[WhiteElo "2526"]
[BlackElo "2413"]
[TimeControl "180+2"]
[EndTime "13:24:42 PDT"]
[Termination "Game drawn by agreement"]

1. d4 d5 2. c4 e6 3. Nf3 Nf6 4. Nc3 Be7 5. Bg5 Nbd7 6. e3 h6 7. Bh4 O-O 8. Rc1 c5 9. cxd5 Nxd5 10. Bg3 cxd4 11. Nxd5 Qa5+ 12. Nc3 dxc3 13. bxc3 Bf6 14. Nd4 Nc5 15. Be2 Rd8 16. Qc2 Bxd4 17. exd4 Rxd4 18. O-O Rd8 19. Bf3 Bd7 20. Bh4 Ba4 21. Bxd8 Rxd8 22.
Qb1 Qc7 23. Qb4 b6 24. Rb1 Bc2 25. Ra1 Nd3 26. Qa3 Ne5 27. Bd1 Bd3 28. Re1 Nc4 29.
Qc1 e5 30. Bb3 b5 31. a4 a6 32. axb5 axb5 33. h3 e4 34. Bxc4 bxc4 35. Qe3 Qe5 36.
Rec1 Qf6 37. Ra7 h5 38. Qe1 g6 39. Rca1 Kg7 40. Rc7 Qe5 41. Raa7 Rf8 42. Qc1 h4 43. Qd2 g5 44. Qe3 Kg6 45. Rc6+ Kg7 46. Qd2 Rb8 47. Ra1 Rb1+ 48. Rxb1 Bxb1 49. Rxc4 Bd3 50. Rd4 f6 51. Qe3 Kg6 52. Rxd3 exd3 53. Qxd3+ Kh6 54. Qd2 Qe4 55. Qc1 Qc4 56. Qe3 Qd5 57. Qd4 Qe6 58. c4 Kg6 59. c5 Qe1+ 60. Kh2 Qc1 61. Qe4+ f5 62. Qe6+ Kh5 63. Qxf5 Kh6 64. Qf6+ Kh5 65. c6 Qc5 66. Qf7+ Kh6 67. Qe6+ Kh5 68. Qg4+ Kh6 69. Qe4 Qxf2 70.
c7 Qg3+ 71. Kg1 Qxc7 72. Qe6+ Kh5 1/2-1/2

[Event "*** Titled Tuesday Blitz"]
[Site "Chess.com"]
[Date "2018.10.02"]
[Round "2"]
[White "Morshynska"]
[Black "335394862"]
[Result "0-1"]
[WhiteElo "2080"]
[BlackElo "2337"]
[TimeControl "180+2"]
[EndTime "13:24:46 PDT"]
[Termination "335394862 won by resignation"]

1. d4 Nf6 2. c4 c5 3. e3 g6 4. Nf3 Bg7 5. Nc3 O-O 6. Be2 b6 7. O-O d6 8. b3 Bf5 9. Bb2 Ne4 10.
Nxe4 Bxe4 11. Ng5 Bb7 12. Bf3 Nc6 13. Ne4 Rc8 14. Qd2 a5 15. Nc3 Ba8 16. Nb5 Qd7 17. Rfd1 Rfd8 18. Bc3 Nb4 19. Bxa8 Rxa8 20. a3 Nc6 21. d5 Bxc3 22. Qxc3 Na7 23. Nxa7 Rxa7 24. a4 e5 25. dxe6 fxe6 26. e4 Qg7 27. Qg3 Rad7 28. Ra2 d5 29. exd5 exd5 30. cxd5 Rxd5 31. Rxd5 Rxd5 32. h4 Qe5 33. Qxe5 Rxe5 34. Rd2 Re4 35. Rd6 Rb4 36. Rd3 Rxh4 37. g3 Rb4 38. f4 c4 39.
bxc4 Rxc4 40. Rd8+ Kg7 41. Rb8 Rb4 42. Rb7+ Kf6 43. Kf2 h5 44. Kf3 Rb3+ 45. Ke4 Rb4+ 46. Kd5 Kf5 47. Kc6 Kg4 48. Rg7 Kxg3 49. Rxg6+ Kxf4 50. Kb7 h4 51. Rh6 Kg3 52. Rg6+ Kf2 53. Rh6 Kg2 54.
Rg6+ Kh2 55. Ka6 h3 56. Rg7 Kh1 57. Rg6 Rb1 58. Ka7 Rb4 59. Ka6 Rxa4 60. Kxb6 Ra1 61.
Kb5 a4 62. Kb4 a3 63. Kb3 a2 64. Ka3 Rg1 65. Rxg1+ Kxg1 66. Kxa2 h2 67. Kb3 h1=Q 68. Kc3 Qe4 0-1